 Dungeon Crawl Stone Soup version 0.18.1-50-g88ac8fd (webtiles) character file.

2433 HolyRage the Grappler (level 9, -14/82 (83) HPs)
             Began as a Troll Monk on Sept 20, 2016.
             Was a Believer of Okawaru.
             Demolished by a skeletal warrior
             ... wielding a +0 trident
              (24 damage)
             ... on level 7 of the Dungeon.
             The game lasted 00:15:27 (4667 turns).

HolyRage the Grappler (Troll Monk)                  Turns: 4667, Time: 00:15:28

HP:   -14/82 (83)   AC:  5    Str: 21    XL:     9   Next: 24%
MP:   17/17         EV: 11    Int:  6    God:    Okawaru [**....]
Gold: 148           SH:  0    Dex: 15    Spells: 0 memorised, 8 levels left

rFire  + . .     SeeInvis .       - Unarmed
rCold  . . .     Gourm    +     z - +0 robe "Zosu" {rF+ MP+9} (curse)
rNeg   . . .     Faith    .     (no shield)
rPois  .         Spirit   .     (helmet restricted)
rElec  .         Dismiss  .     (no cloak)
rCorr  .         Reflect  .     (gloves unavailable)
SustAt .         Harm     .     (boots unavailable)
MR     +....                    y - amulet of rage
Stlth  +++.......               l - ring of protection from magic
                                B - ring of stealth

@: lethally poisoned (-14 -> -15), somewhat resistant to hostile enchantments,
fairly stealthy
A: unfitting armour, claws 3, fast metabolism 3, gourmand, regeneration 2,
shaggy fur 1, tough skin 2
a: Heroism, Renounce Religion, Evoke Berserk Rage


You were on level 7 of the Dungeon.
You worshipped Okawaru.
Okawaru was pleased with you.
You were not hungry.

You visited 2 branches of the dungeon, and saw 8 of its levels.
You also visited: Sewer.

You collected 274 gold pieces.
You spent 126 gold pieces at shops.

Inventory:

Missiles
 x - 9 tomahawks (quivered)
Armour
 z - the cursed +0 robe "Zosu" (worn) {rF+ MP+9}
   (You found it on level 5 of the Dungeon)

   It protects you from fire.
   It affects your magic capacity (+9).
   It has a curse placed upon it.
 A - a +0 large shield
Jewellery
 g - an uncursed ring of wizardry
 l - a ring of protection from magic (right claw)
 w - an uncursed ring of fire
 y - an amulet of rage (around neck)
 B - a ring of stealth (left claw)
Scrolls
 d - 2 scrolls of teleportation
 e - a scroll of noise
 h - 2 scrolls of magic mapping
 j - 4 scrolls of remove curse
 p - a scroll of fog
 q - a scroll of fear
Potions
 a - a potion of cancellation {unknown}
 c - 2 potions of curing
 f - 2 potions of magic
 i - a potion of cure mutation {unknown}
 k - a potion of berserk rage {unknown}
 n - 2 potions of brilliance
 o - 4 potions of might
 s - 2 potions of lignification
 t - a potion of mutation {unknown}
 u - a potion of agility {unknown}
Books
 D - a book of Clouds

   Spells                             Type                      Level
   a - Mephitic Cloud                 Conjuration/Poison/Air       3
   b - Conjure Flame                  Conjuration/Fire             3
   c - Poisonous Cloud                Conjuration/Poison/Air       6
   d - Freezing Cloud                 Conjuration/Ice/Air          6
   e - Ring of Flames                 Charms/Fire                  7
Comestibles
 b - 3 bread rations
 m - 4 meat rations
 r - a slice of pizza
 v - 2 fruits


   Skills:
 + Level 3.4 Fighting
 * Level 3.9 Dodging
 - Level 1.1 Stealth
 - Level 12.0 Unarmed Combat


You had 8 spell levels left.
You didn't know any spells.

Dungeon Overview and Level Annotations

Branches:
Dungeon (7/15)             Temple (1/1) D:7

Altars:
Ashenzari
Cheibriados
Dithmenos
Fedhas
Gozag
Kikubaaqudgha
Makhleb
Nemelex Xobeh
Okawaru
Pakellas
Qazlal
Ru
Sif Muna
Trog
Vehumet
Xom
Yredelemnul
The Shining One
Lugonu

Shops:
D:5 (   D:6 [


Innate Abilities, Weirdness & Mutations

You are too large for most types of armour.
You have claws for hands.
Your metabolism is lightning-fast.
You like to eat raw meat.
You heal very quickly.
You are covered in fur (AC +1).
You have very tough skin (AC +2).


Message History

You are too injured to fight recklessly!
You are too injured to fight recklessly!
You are too injured to fight recklessly!
You are too injured to fight recklessly!
You are too injured to fight recklessly!
You are too injured to fight recklessly!
You barely miss the adder. The adder barely misses you.
The skeletal warrior hits you but does no damage.
You scratch the adder.
The adder is heavily wounded.
You feel sick. The adder barely misses you.
You mangle the adder!!
You kill the adder!
Okawaru accepts your kill.
The skeletal warrior hits you with a trident!
* * * LOW HITPOINT WARNING * * *
You scratch the skeletal warrior.
The skeletal warrior is severely damaged.
The skeletal warrior hits you with a trident!!
You die...

#. ###.# #> ...# #.
#.########### #.######.#
#........#... #.......#
#..........## #..#
############.######.....
#..# .S...........#
###.#. #..#####
####.#.####.# #.#.
#..#...# #@# ### #.#.
.......# #z.# #.#.
...#.### #.... #.#.
.......# #.5..# #.##
.###..## #.....# #.# .#
#..# ##....# #.## .#
#..# ...:# #.#. .###..##
##..# #.#. .......# #.#.


You could see a skeletal warrior and a crimson imp.

Vanquished Creatures
  Grinder (D:6)
  Menkaure (D:5)
  2 sky beasts
  A phantom (D:5)
  2 ogres
  A necrophage (D:6)
  A centaur (D:7)
  A big kobold (D:7)
  A giant frog (D:7)
  A scorpion (D:4)
  5 wights (D:6)
  2 electric eels (D:7)
  5 crimson imps
  4 hounds
  An orc priest (D:4)
  2 giant frog skeletons (D:5)
  A jelly (D:6)
  2 centaur skeletons
  2 iguanas (D:6)
  2 orc wizards
  8 worker ants
  A worker ant zombie (D:5)
  9 river rats (Sewer)
  11 adders
  2 shadow imps
  2 oozes
  An adder skeleton (D:4)
  6 worms
  A dart slug (D:1)
  3 giant geckos
  21 orcs
  5 giant cockroaches
  A goblin (D:1)
  2 hobgoblins (D:1)
  10 kobolds
  2 quokkas
  4 ball pythons
  7 bats
  10 giant newts
  A jackal skeleton (D:4)
  A jackal zombie (D:7)
  20 rats
166 creatures vanquished.

Vanquished Creatures (others)
  A fire dragon (D:6)
1 creature vanquished.

Grand Total: 167 creatures vanquished

Notes
Turn   | Place    | Note
--------------------------------------------------------------
     0 | D:1      | HolyRage the Troll Monk began the quest for the Orb.
     0 | D:1      | Reached XP level 1. HP: 22/22 MP: 0/0
   101 | D:1      | Reached XP level 2. HP: 29/29 MP: 1/1
   480 | D:1      | Reached skill level 5 in Unarmed Combat
   485 | D:1      | Reached XP level 3. HP: 36/36 MP: 2/2
  1006 | D:2      | Found an ancient bone altar of Kikubaaqudgha.
  1031 | D:2      | You fall through a shaft!
  1171 | D:3      | Found a glowing drain.
  1178 | Sewer    | Entered a sewer
  1189 | Sewer    | Reached XP level 4. HP: 34/44 MP: 3/3
  1234 | Sewer    | Reached skill level 6 in Unarmed Combat
  1332 | Sewer    | Reached XP level 5. HP: 46/50 MP: 4/4
  1991 | D:4      | Reached skill level 7 in Unarmed Combat
  2015 | D:4      | Reached XP level 6. HP: 41/59 MP: 5/5
  2049 | D:4      | Found a radiant altar of Vehumet.
  2121 | D:4      | Reached skill level 8 in Unarmed Combat
  2298 | D:4      | Found a shadowy altar of Dithmenos.
  2533 | D:5      | Entered Level 5 of the Dungeon
  2542 | D:5      | Reached XP level 7. HP: 60/66 MP: 6/6
  2582 | D:5      | Got a faintly humming robe
  2593 | D:5      | Identified the cursed +0 robe "Zosu" {rF+ MP+9} (You found it on level 5 of the Dungeon)
  2707 | D:5      | Noticed Menkaure
  2713 | D:5      | Killed Menkaure
  2713 | D:5      | Reached skill level 9 in Unarmed Combat
  2871 | D:5      | Reached skill level 10 in Unarmed Combat
  2909 | D:5      | Reached XP level 8. HP: 70/74 MP: 7/7
  2928 | D:5      | Found Tocykats's Antique Weapon Emporium.
  3367 | D:6      | Reached skill level 11 in Unarmed Combat
  3389 | D:6      | Found Othal's Antique Armour Boutique.
  3399 | D:6      | Bought a large shield for 126 gold pieces
  3419 | D:6      | Found an oddly glowing altar of Pakellas.
  3419 | D:6      | Noticed a fire dragon
  3435 | D:6      | Killed a fire dragon
  3462 | D:6      | Found an opulent altar of Gozag.
  3463 | D:6      | Found a snail-covered altar of Cheibriados.
  3464 | D:6      | Found a blossoming altar of Fedhas.
  3464 | D:6      | Found a sparkling altar of Nemelex Xobeh.
  3501 | D:6      | Noticed Grinder
  3515 | D:6      | Killed Grinder
  3515 | D:6      | Reached skill level 12 in Unarmed Combat
  3537 | D:6      | Noticed a moth of wrath
  3539 | D:6      | Found a bloodstained altar of Trog.
  3615 | D:6      | Reached XP level 9. HP: 70/79 MP: 8/8
  4156 | D:7      | Found a stormy altar of Qazlal.
  4523 | D:7      | Found a staircase to the Ecumenical Temple.
  4527 | Temple   | Entered the Ecumenical Temple
  4562 | Temple   | Became a worshipper of Warmaster Okawaru
  4562 | Temple   | Reached * piety under Okawaru
  4562 | Temple   | Reached ** piety under Okawaru
  4651 | D:7      | Noticed a skeletal warrior
  4667 | D:7      | Demolished by a skeletal warrior

Skill      XL: |  1  2  3  4  5  6  7  8  9 |
---------------+----------------------------+-----
Unarmed Combat | 5 6 7 8 10 12 | 12.0
Dodging        | 3 |  3.9
Fighting       | 3 |  3.4
Stealth        | |  1.1

Action                   |  1- 3 |  4- 6 |  7- 9 || total
-------------------------+-------+-------+-------++-------
Melee: Unarmed           |    76 |   150 |   216 ||   442
       Punch             |     1 |     7 |    16 ||    24
  Use: Scroll            |     3 |     8 |     2 ||    13
 Stab: Sleeping          |       |     5 |     3 ||     8
       Distracted        |       |       |     1 ||     1
  Eat: Chunk             |    15 |    14 |    13 ||    42
Armor: Robe              |    20 |    41 |    55 ||   116
Dodge: Dodged            |    40 |    70 |    88 ||   198
